 Dungeon Crawl Stone Soup version 0.29.1-1-gd02db6906a (webtiles) character file.

Game seed: 13330317784298331692

181 MisterFreud the Twirler (level 5, -3/39 HPs)
             Began as a Formicid Gladiator on Oct 11, 2022.
             Engulfed by a steam dragon's steam (9 damage)
             ... on level 6 of the Dungeon.
             The game lasted 00:02:48 (3103 turns).

MisterFreud the Twirler (Formicid Gladiator)        Turns: 3103, Time: 00:02:48

Health: -3/39      AC:  2    Str: 20    XL:     5   Next: 92%
Magic:  5/5        EV: 12    Int:  8    God:
Gold:   173        SH:  0    Dex: 15    Spells: 4/4 levels left

rFire   . . .      SeeInvis +   a - +0 quarterstaff
rCold   . . .      Faith    .   (no shield)
rNeg    . . .      Spirit   .   b - +0 leather armour
rPois   .          Reflect  .   (helmet unavailable)
rElec   .          Harm     .   (no cloak)
rCorr   .          Rampage  .   (no gloves)
Will    .....                   f - +2 pair of boots
Stlth   +.........              (no amulet)
HPRegen 0.13/turn               (no ring)
MPRegen 0.09/turn               (no ring)

@: corroded
A: permanent stasis, dig shafts and tunnels, antennae 3, four strong arms
a: Dig, Shaft Self


You were on level 6 of the Dungeon.
You visited 1 branch of the dungeon, and saw 6 of its levels.

You collected 173 gold pieces.

Inventory:

Hand Weapons
 a - a +0 quarterstaff (weapon)
 v - the +4 long sword "Myerheq" {vorpal, *Rage +Blink Will+ Int+3}
   (You found it on level 6 of the Dungeon)

   It inflicts extra damage upon your enemies.
   Int:       It affects your intelligence (+3).
   +Blink:    It lets you blink.
   *Rage:     It berserks you when you make melee attacks (+20% chance).
   Will:      It increases your willpower.
Missiles
 c - 3 throwing nets (quivered)
 d - a javelin
 l - 3 curare-tipped darts
 q - 6 boomerangs
 r - 5 poisoned darts
Armour
 b - a +0 leather armour (worn)
 f - a +2 pair of boots (worn)
Wands
 t - a wand of roots (4)
Scrolls
 i - a scroll of silence
 o - a scroll of magic mapping
 u - 3 scrolls of amnesia
Potions
 e - 4 potions of might
 g - 2 potions of flight
 h - a potion of degeneration {unknown}
 j - a potion of curing {unknown}
 k - a potion of resistance {unknown}
 m - 2 potions of attraction
 n - a potion of haste
 p - 2 potions of berserk rage
 s - a potion of heal wounds {unknown}


   Skills:
 + Level 2.4 Fighting
 - Level 6.0 Staves
 - Level 2.0 Throwing
 + Level 0.6 Armour
 - Level 2.6 Dodging


You had 4 spell levels left.
You didn't know any spells.
Your spell library contained the following spells:

 Spells                   Type           Power      Damage    Failure   Level
 Scorch                   Fire           0%         2d5       61%         2
 Flame Wave               Conj/Fire      0%         2d4       99%         4
 Summon Cactus Giant      Summ           0%         N/A       100%        6


Dungeon Overview and Level Annotations

Branches:
Dungeon (7/15)
 Temple: D:4-7

Altars:
Hepliaklqana
The Shining One

Annotations:
D:4 Menkaure
D:7 Pikel


Innate Abilities, Weirdness & Mutations

You cannot be hasted, slowed, berserked, paralysed or teleported.
You can dig through walls and to a lower floor.
You have a pair of large antennae on your head. (SInv)
Your four strong arms can wield two-handed weapons with a shield.


Message History

Found a scroll of identify.
The lemure shouts!
You hear a shout!
You hear a howl!
Pikel, Merchant of Souls comes into view.
He is wielding a +0 whip of flaming.
Pikel shouts!
You hear a shout! x2
A howler monkey comes into view.
A lemure comes into view.
The howler monkey moves out of view.
There is a stone staircase leading up here.
You climb upwards.
There is a stone staircase leading down here.
Found a bloodstained long sword.
You see here the +4 long sword "Myerheq" {vorpal, *Rage +Blink Will+ Int+3}.
v - the +4 long sword "Myerheq" {vorpal, *Rage +Blink Will+ Int+3} You open the door.
A jelly comes into view.
A jelly is nearby!
A steam dragon comes into view.
There is an open door here.
The steam dragon hisses angrily.
The jelly quivers.
You sock the jelly!
Your hands burn!
The jelly is heavily wounded.
The jelly hits you but does no damage.
You completely miss the jelly.
The jelly is heavily wounded.
The jelly hits you but does no damage.
You hit the jelly. The acid corrodes you!
Your hands burn!
The jelly is severely wounded.
The jelly hits you but does no damage.
You hit the jelly.
Your hands burn!
The jelly is almost dead.
The jelly hits you but does no damage. The steam dragon breathes steam at you.
The ball of steam hits you!!
* * * LOW HITPOINT WARNING * * *
Unknown command.
Unknown command.
Unknown command.
Are you sure you want to shaft yourself?
You are engulfed in a cloud of scalding steam.
You die...

.. ... §§ #.# #.. §§.
#.# ##.. ≈§. #.# #.. ...
#.# ##.####### §.# #.#
#........# ≈.#
#######.###..D.....#
≈.###.........'.@J.....#
≈............##§.......#
≈..##........##........#
...#####....############
≈..# #...## §..# #...#
§.## #....# ≈..## #....#
≈...###....#


You could see a steam dragon and a jelly.

Vanquished Creatures
  Jessica (D:2)
  Natasha (thrice) (D:3)
  3 adders
  A shadow imp (D:6)
  A worm (D:2)
  An orc (D:3)
  3 endoplasms
  3 giant cockroaches
  6 hobgoblins
  2 quokkas (D:2)
  5 ball pythons
  4 bats
  3 frilled lizards
  6 goblins
  4 kobolds
  3 rats
49 creatures vanquished.

Notes
Turn   | Place    | Note
-------+----------+-------------------------------------------
     0 | D:1      | MisterFreud the Formicid Gladiator began the quest for the
                  | Orb.
     0 | D:1      | Reached XP level 1. HP: 16/16 MP: 1/1
   347 | D:1      | Reached XP level 2. HP: 19/22 MP: 2/2
   968 | D:2      | Reached skill level 4 in Staves
   968 | D:2      | Reached XP level 3. HP: 25/27 MP: 3/3
  1025 | D:2      | Noticed Jessica
  1030 | D:2      | Killed Jessica
  1031 | D:2      | Reached XP level 4. HP: 23/33 MP: 4/4
  1289 | D:2      | Reached skill level 5 in Staves
  1303 | D:2      | Found a faded altar of an unknown god.
  1887 | D:3      | Found a glowing golden altar of the Shining One.
  1983 | D:3      | Found a hazy altar of Hepliaklqana.
  2129 | D:3      | Identified the +9 sling "Juibb" {flame, *Slow rPois rC+
                  | rN+}
  2139 | D:3      | Reached XP level 5. HP: 28/38 MP: 5/5
  2356 | D:3      | Noticed Natasha
  2367 | D:3      | Killed Natasha
  2492 | D:3      | Noticed Natasha
  2501 | D:3      | Killed Natasha
  2519 | D:3      | Noticed Natasha
  2525 | D:3      | Killed Natasha
  2526 | D:3      | Reached skill level 6 in Staves
  2735 | D:4      | Noticed Menkaure
  2748 | D:4      | You fall into a shaft and drop 2 floors!
  3052 | D:7      | Noticed a lemure
  3052 | D:7      | Noticed Pikel
  3059 | D:7      | Noticed a lemure
  3093 | D:6      | Identified the +4 long sword "Myerheq" {vorpal, *Rage
                  | +Blink Will+ Int+3}
  3096 | D:6      | Noticed a steam dragon
  3103 | D:6      | Engulfed by a steam dragon's steam

Illustrated notes

Levels and vault maps discovered:
D:1:      dpeg_arrival_yet_another_circle, layout_basic, roderic_lattice_a
D:2:      layout_basic, shapermc_ecumenical_altar_ellora, uniq_jessica
D:3:      layout_basic, mainiacjoe_overflow_tiny_flanked,
          nicolae_tso_carved_into_rock, uniq_natasha
D:4:      layout_loops_corners, nemelex_spade_bored_becter, serial_undead,
          serial_undead_d, serial_undead_b, serial_undead_f, serial_undead_c,
          kennysheep_windowed_goal, uniq_menkaure
D:6:      layout_basic, kennysheep_boxes, uniq_crazy_yiuf_cottage
D:7:      layout_basic, minmay_temple_entry_mist, nicolae_shop_gadgets,
          uniq_pikel

Skill      XL: |  1  2  3  4  5 |
---------------+----------------+-----
Staves         | 4 5 6 |  6.0
Fighting       | |  2.4
Throwing       | |  2.0
Armour         | |  0.6
Dodging        | |  2.6

Action                   |  1- 3 |  4- 6 || total
-------------------------+-------+-------++-------
Melee: Quarterstaff      |    47 |    99 ||   146
       Punch             |       |     3 ||     3
 Abil: Shaft Self        |       |     2 ||     2
  Use: Scroll            |     5 |     6 ||    11
Armor: Leather armour    |    13 |    33 ||    46
Dodge: Dodged            |    27 |    67 ||    94
